[Event "Titled Tuesday Blitz May 4 2021"]
[White "Golizadeh, Asghar"]
[Black "Vivas Zamora, Fabian Ernesto"]
[WhiteFideId "12505269"]
[BlackFideId "3902480"]
[WhiteElo "2403"]
[BlackElo "1966"]
[Result "1-0"]
[Round "08"]
[TimeControl "180+1"]
[Date "2021.05.04"]
[WhiteClock "0:00:09"]
[BlackClock "0:00:02"]

1. e4 e5 2. Nf3 Nc6 3. d4 exd4 4. Bc4 Nf6 5. e5 d5 6. Bb5 Ne4 7. Nxd4 Bc5 8. Be3 O-O 9. Bxc6 bxc6 10. Nd2 Qe8 11. Nxe4 dxe4 12. O-O Bb6 13. a4 a5 14. Qh5 Ba6 15. Rfe1 Rd8 16. Nf5 Rd5 17. Qg5 Qxe5 18. Ne7+ Kh8 19. Nxd5 Qxg5 20. Bxg5 cxd5 21. Rad1 Bb7 22. b3 c5 23. h4 f5 24. g3 g6 25. c4 d4 26. Bf4 Kg7 27. h5 Kf6 28. hxg6 hxg6 29. Kg2 g5 30. Bc1 g4 31. Be3 Ke5 32. Bf4+ Ke6 33. Kf1 Rh8 34. Ke2 Rh2 35. Rh1 1-0


[Site "https://www.chess.com"]

[Event "Titled Tuesday Blitz May 4 2021"]
[White "Gonzalez, Francisco Silva"]
[Black "Schmidt, Harald"]
[WhiteFideId "1512285"]
[BlackFideId "4648358"]
[WhiteElo "2159"]
[BlackElo "2286"]
[Result "1-0"]
[Round "08"]
[TimeControl "180+1"]
[Date "2021.05.04"]
[WhiteClock "0:00:43"]
[BlackClock "0:00:07"]

1. d4 a6 2. e4 b5 3. a4 Bb7 4. axb5 axb5 5. Rxa8 Bxa8 6. Bxb5 Bxe4 7. Nf3 Nf6 8. Nc3 Bc6 9. Bd3 g6 10. O-O Bg7 11. Ne5 Bb7 12. Bg5 O-O 13. Qd2 d6 14. Nc4 Re8 15. Na5 Ba8 16. b4 c5 17. Nb5 cxb4 18. Qxb4 Nc6 19. Nxc6 Bxc6 20. Na7 Ba8 21. Bb5 Qb6 22. Qa4 Rb8 23. Bc6 Bxc6 24. Nxc6 Re8 25. Bxf6 Bxf6 26. Ne5 Rc8 27. Nf3 Qc6 28. Qxc6 Rxc6 29. Rc1 Rc3 30. Kf1 e5 31. dxe5 dxe5 32. Ne1 e4 33. Rd1 Kg7 34. Ke2 Bg5 35. Rd5 f5 36. f3 exf3+ 37. gxf3 Bf4 38. h3 Rc7 39. Kd3 Kh6 40. Ng2 Bg5 41. c4 Be7 42. Kd4 Ra7 43. c5 Ra2 44. Nf4 Bf6+ 45. Kc4 Ra4+ 46. Kb5 Rxf4 47. c6 1-0


[Site "https://www.chess.com"]

[Event "Titled Tuesday Blitz May 4 2021"]
[White "Gretarsson, Helgi Ass"]
[Black "Kovacs, Klara"]
[WhiteFideId "2300699"]
[BlackFideId "733210"]
[WhiteElo "2519"]
[BlackElo "2120"]
[Result "1-0"]
[Round "08"]
[TimeControl "180+1"]
[Date "2021.05.04"]
[WhiteClock "0:00:03"]
[BlackClock "0:00:17"]

1. g3 d5 2. Bg2 c6 3. b3 Nf6 4. Bb2 Nbd7 5. Nf3 Qc7 6. c4 e5 7. cxd5 cxd5 8. Nc3 Bb4 9. Rc1 O-O 10. Nxd5 Qd6 11. Nxb4 Qxb4 12. Nxe5 Nxe5 13. Bxe5 Ng4 14. Bc3 Qb6 15. O-O Be6 16. e4 Rfd8 17. d4 Rac8 18. d5 f5 19. Qe2 Bf7 20. Rfd1 Re8 21. Bd4 Qh6 22. Rxc8 Qxh2+ 23. Kf1 Rxc8 24. exf5 Qh5 25. d6 Re8 26. Be3 Qxf5 27. Kg1 Nxe3 28. d7 Rd8 29. Qxe3 Rxd7 30. Rxd7 Qxd7 31. Qxa7 Qd1+ 32. Bf1 h6 33. Qxb7 Bg6 34. Qb5 Kh7 35. Qe2 Qb1 36. Kh2 Be4 37. Bg2 Bd3 38. Qe3 Bg6 39. a4 Qd1 40. Bf3 Qc2 41. a5 Qa2 42. b4 Qb2 43. Qc5 Qb3 44. Kg2 Qa3 45. Qb6 h5 46. a6 Bd3 47. Qe3 Qxa6 48. Be4+ Bxe4+ 49. Qxe4+ g6 50. Qd5 Qf6 51. b5 h4 52. Qc6 Qe5 53. b6 hxg3 54. Qc7+ Qxc7 55. bxc7 gxf2 56. c8=Q 1-0


[Site "https://www.chess.com"]

[Event "Titled Tuesday Blitz May 4 2021"]
[White "Grigoryan, Meri"]
[Black "Havanecz, Bianka"]
[WhiteFideId "13300571"]
[BlackFideId "704814"]
[WhiteElo "2007"]
[BlackElo "2315"]
[Result "1-0"]
[Round "08"]
[TimeControl "180+1"]
[Date "2021.05.04"]
[WhiteClock "0:00:24"]
[BlackClock "0:00:03"]

1. d4 d5 2. Nf3 Nf6 3. c4 e6 4. Nc3 Be7 5. Bg5 O-O 6. e3 c6 7. Bd3 dxc4 8. Bxc4 b5 9. Bd3 a6 10. Rc1 Bb7 11. O-O Nbd7 12. Bb1 c5 13. e4 c4 14. Qc2 g6 15. Bh6 Re8 16. Ng5 Bf8 17. Bxf8 Nxf8 18. e5 Nd5 19. Nce4 Re7 20. Nd6 Rd7 21. Nge4 Ra7 22. Qe2 Ba8 23. f4 Qb6 24. Rcd1 Qc6 25. Rf3 Kg7 26. Rh3 Nxf4 27. Qf3 Nxh3+ 28. Qxh3 Rxd6 29. Nxd6 f5 30. exf6+ Kxf6 31. Rf1+ Kg7 32. Ne4 Qd5 33. Qf3 Qxd4+ 34. Kh1 1-0


[Site "https://www.chess.com"]

[Event "Titled Tuesday Blitz May 4 2021"]
[White "Grunberg, Mihai-Lucian"]
[Black "Gabdushev, Ruslan"]
[WhiteFideId "1204149"]
[BlackFideId "4137833"]
[WhiteElo "2364"]
[BlackElo "2312"]
[Result "1/2-1/2"]
[Round "08"]
[TimeControl "180+1"]
[Date "2021.05.04"]
[WhiteClock "0:00:24"]
[BlackClock "0:00:10"]

1. Nf3 Nc6 2. c4 e5 3. d4 exd4 4. Nxd4 Bc5 5. Nb3 Be7 6. g3 d6 7. Bg2 h5 8. h4 Nf6 9. O-O Bg4 10. Nc3 Qd7 11. Bg5 Bh3 12. Bxh3 Qxh3 13. Bxf6 Bxf6 14. Nd5 O-O-O 15. Nxf6 gxf6 16. Qd5 Ne5 17. Rac1 Rhg8 18. Qg2 Qe6 19. Nd4 Qg4 20. Rfd1 f5 21. Nf3 f4 22. Rd4 Rde8 23. Rxf4 Qxf4 24. gxf4 Nxf3+ 25. exf3 Rxg2+ 26. Kxg2 Re2 27. Rb1 Kd7 28. a3 Ke6 29. Kg3 Kf5 30. b4 Ra2 31. Rb3 Ra1 32. Rd3 Rg1+ 33. Kh2 Rg7 34. Rd4 f6 35. c5 dxc5 36. bxc5 c6 37. a4 a5 38. Rd6 Rg6 39. Rd7 Kxf4 40. Rxb7 Kxf3 41. Rc7 Rg4 42. Rxc6 Rxh4+ 43. Kg1 Rg4+ 44. Kf1 Rf4 45. Re6 Rxa4 46. Rxf6+ Ke4 47. Rh6 Ra1+ 48. Kg2 Kd5 49. Rxh5+ Kc6 50. f4 a4 51. Re5 a3 52. f5 a2 53. Re2 Kxc5 54. Re5+ Kd6 55. Ra5 Ke7 56. Kh2 Kf6 57. Kg2 Kg5 58. Kh2 Kf6 59. Kg2 Kg5 60. Kh2 Kf6 1/2-1/2


[Site "https://www.chess.com"]

[Event "Titled Tuesday Blitz May 4 2021"]
[White "Guimaraes, Diogo Duarte"]
[Black "Bures, Vit"]
[WhiteFideId "2112450"]
[BlackFideId "309052"]
[WhiteElo "2263"]
[BlackElo "2131"]
[Result "1-0"]
[Round "08"]
[TimeControl "180+1"]
[Date "2021.05.04"]
[WhiteClock "0:01:45"]
[BlackClock "0:00:17"]

1. e4 e5 2. Nf3 Nc6 3. Bc4 Bc5 4. c3 Nf6 5. d3 O-O 6. O-O d6 7. h3 a5 8. a4 h6 9. Na3 Be6 10. Re1 Bxc4 11. Nxc4 Qd7 12. d4 exd4 13. cxd4 Bb4 14. Bd2 Rfe8 15. Bxb4 Nxb4 16. e5 dxe5 17. dxe5 Qxd1 18. Raxd1 Nfd5 19. Rd2 c6 20. Nd6 Re7 21. Nf5 Ree8 22. Nd6 Re7 23. Nd4 g6 24. g3 Kg7 25. f4 h5 26. h4 Rd8 27. Red1 Kg8 28. Kf2 Na6 29. Ne4 Kg7 30. Nb3 b6 31. Nf6 Nab4 32. Kf3 Rc7 33. Nc1 Rdc8 34. Ne4 Rd8 35. Nd3 c5 36. Nxb4 1-0


[Site "https://www.chess.com"]

[Event "Titled Tuesday Blitz May 4 2021"]
[White "Gurevich, Dmitry"]
[Black "Spencenzug"]
[WhiteFideId "2000407"]
[WhiteElo "2506"]
[BlackElo "2324"]
[Result "0-1"]
[Round "08"]
[TimeControl "180+1"]
[Date "2021.05.04"]
[WhiteClock "0:00:02"]
[BlackClock "0:00:14"]

1. e4 c6 2. d4 d5 3. e5 c5 4. dxc5 Nc6 5. Nf3 Bg4 6. Be2 e6 7. Nbd2 Bxc5 8. O-O Nge7 9. h3 Bh5 10. Nb3 Bb6 11. Bf4 Bxf3 12. Bxf3 O-O 13. Re1 Nf5 14. c3 Rc8 15. Qe2 Qh4 16. Bh2 Rfd8 17. Rad1 h6 18. Bg4 Ng3 19. Qf3 Ne4 20. Rf1 h5 21. Bxh5 Nxf2 22. Bxf7+ Kh8 23. Rd4 Nxd4 24. cxd4 Ne4 25. Bxe6 Rf8 26. Qxf8+ Rxf8 27. Rxf8+ Kh7 28. Rf1 Ng5 29. Bg4 Qh6 30. Bf5+ g6 31. Bg4 Ne4 32. Bf4 Qf8 33. Be3 Qb4 34. e6 Bd8 35. Rf7+ Kg8 36. Rf1 Be7 37. Bf4 a5 38. Be5 a4 39. Nc1 Qd2 40. Ne2 Qe3+ 41. Kh2 Nf2 42. Nf4 Nxg4+ 43. hxg4 Qe4 44. Nh3 Kh7 45. g5 Kg8 46. Rf7 Bxg5 47. Nxg5 Qh4+ 48. Nh3 Qg4 49. Rf4 Qxe6 50. Rf3 Qg4 51. Rf6 Qe4 52. Rf4 Qd3 53. Rg4 Kf7 54. Nf4 Qc2 55. Kg3 Qxb2 56. Nxg6 Qxa2 57. Nh8+ Ke6 58. Rg6+ Kd7 59. Rg4 a3 60. Ng6 Qb3+ 61. Kh4 a2 62. Nf8+ Kc6 63. Rg6+ Kb5 64. Nd7 Kc4 65. Rb6 Qa4 66. Rxb7 a1=Q 67. Rc7+ Kd3 68. Nf6 Qh1+ 69. Kg5 Qad1 70. Kf5 Qhf1+ 71. Ke6 Qde2 72. Nxd5 Qe4 73. Nb4+ Ke2 74. Rc2+ Qxc2 75. Nxc2 Kd3 76. Nb4+ Kc4 77. Nc6 Qxg2 78. Ne7 Kb5 79. d5 Qh3+ 80. Kd6 Kb6 81. Nc6 Qh6+ 82. Kd7 Qh7+ 0-1


[Site "https://www.chess.com"]

[Event "Titled Tuesday Blitz May 4 2021"]
[White "Gusarov, Grigory"]
[Black "Urazayev, Arystanbek"]
[WhiteFideId "24102172"]
[BlackFideId "13709810"]
[WhiteElo "2285"]
[BlackElo "2321"]
[Result "1-0"]
[Round "08"]
[TimeControl "180+1"]
[Date "2021.05.04"]
[WhiteClock "0:01:19"]
[BlackClock "0:00:01"]

1. e4 c5 2. Nf3 e6 3. b3 b6 4. Bb2 Bb7 5. Nc3 Nf6 6. e5 Nd5 7. Nxd5 Bxd5 8. Bc4 Bxc4 9. bxc4 Be7 10. O-O O-O 11. Qe2 Nc6 12. d3 f5 13. Bc3 Qe8 14. Rfe1 Qh5 15. Nd2 Qxe2 16. Rxe2 g5 17. a4 Kf7 18. a5 bxa5 19. Nb3 g4 20. g3 h5 21. Nxa5 Nd4 22. Bxd4 cxd4 23. Nb3 Bb4 24. Ra6 Bc3 25. Kg2 Ke7 26. f3 f4 27. Rf2 h4 28. fxg4 f3+ 29. Rxf3 h3+ 30. Kf2 Be1+ 31. Ke2 Rxf3 32. Kxf3 Rf8+ 33. Ke2 Rf2+ 34. Kxe1 Rxh2 35. Nxd4 Rg2 36. Nf3 Rxc2 37. Rxa7 h2 38. Nxh2 Rxh2 39. c5 Kd8 40. d4 Rg2 41. Ra3 Kc7 42. g5 Kd8 43. g6 Ke7 44. Kf1 Rh2 45. Ra8 d5 46. g7 Kd7 47. g8=Q 1-0


[Site "https://www.chess.com"]

[Event "Titled Tuesday Blitz May 4 2021"]
[White "Harshavardhan G B"]
[Black "Berezin, Viktor"]
[WhiteFideId "25059009"]
[BlackFideId "14107872"]
[WhiteElo "1825"]
[BlackElo "2310"]
[Result "1-0"]
[Round "08"]
[TimeControl "180+1"]
[Date "2021.05.04"]
[WhiteClock "0:01:00"]
[BlackClock "0:00:02"]

1. d4 Nf6 2. c4 g6 3. Nc3 Bg7 4. e4 d6 5. Nf3 O-O 6. Be2 Nc6 7. d5 Nb8 8. Be3 e5 9. Nd2 a5 10. g4 Na6 11. h4 Nd7 12. h5 Ndc5 13. f3 f5 14. hxg6 hxg6 15. a3 f4 16. Bf2 Bd7 17. Qc2 g5 18. O-O-O c6 19. Rh2 cxd5 20. Nxd5 Rc8 21. Rdh1 b5 22. Kb1 Ne6 23. c5 Naxc5 24. Nb3 a4 25. Nxc5 Nxc5 26. Bxc5 Rxc5 27. Qd2 Be6 28. Rh7 Bxd5 29. exd5 e4 30. fxe4 f3 31. e5 fxe2 32. Qxe2 Bxe5 33. Qe4 Qf6 34. R7h6 Qf7 35. Rg6+ Bg7 36. Rxg5 Qf6 37. Qh7+ Kf7 38. Rf5 Rxd5 39. Rxf6+ Kxf6 40. Rf1+ Ke6 41. Rxf8 Bxf8 42. Qg8+ Ke5 43. Qxf8 Kd4 44. Qf2+ Kc4 45. Qc2+ Kd4 46. Qd2+ Kc4 47. Qe2+ Kd4 48. g5 b4 49. axb4 a3 50. bxa3 Rf5 51. g6 Kc3 52. g7 1-0


[Site "https://www.chess.com"]

[Event "Titled Tuesday Blitz May 4 2021"]
[White "Hartikainen, Jarmo"]
[Black "Pasti, Aron"]
[WhiteFideId "503134"]
[BlackFideId "785857"]
[WhiteElo "2084"]
[BlackElo "2082"]
[Result "1-0"]
[Round "08"]
[TimeControl "180+1"]
[Date "2021.05.04"]
[WhiteClock "0:00:07"]
[BlackClock "0:00:02"]

1. e4 e5 2. Nf3 Nc6 3. Bc4 Nf6 4. Ng5 d5 5. exd5 Na5 6. Bb5+ Bd7 7. Bxd7+ Qxd7 8. Nc3 Be7 9. Qf3 O-O 10. d3 Rad8 11. Bd2 Nxd5 12. Nxd5 Qxd5 13. O-O Bxg5 14. Bxg5 e4 15. Qg3 Rd6 16. dxe4 Qxe4 17. Qc3 Nc6 18. Rae1 Qg6 19. Be3 Re8 20. Bf4 Rxe1 21. Rxe1 Re6 22. Bxc7 Qf5 23. Bg3 Rxe1+ 24. Qxe1 Qe6 25. Qxe6 fxe6 26. Kf1 Kf7 27. c3 Ke7 28. Ke2 Kf6 29. Kd2 Kf5 30. Kd3 e5 31. f3 g5 32. Bf2 h5 33. b4 g4 34. b5 Ne7 35. fxg4+ hxg4 36. Bxa7 e4+ 37. Ke2 Nd5 38. c4 Nc3+ 39. Ke3 Nd1+ 40. Kd2 Nb2 41. c5 Kf4 42. c6 bxc6 43. Bb8+ Kf5 44. bxc6 Nc4+ 45. Kc3 e3 46. c7 Nd6 47. Kd3 Nc8 48. Ke2 Kf4 49. g3+ Ke4 50. a4 Nd6 51. a5 Nc8 52. a6 Nd6 53. a7 Nc8 54. a8=Q+ 1-0


[Site "https://www.chess.com"]

[Event "Titled Tuesday Blitz May 4 2021"]
[White "Hess, Robert"]
[Black "Angel_Hranitel_37"]
[WhiteFideId "2022036"]
[WhiteElo "2557"]
[BlackElo "2553"]
[Result "1-0"]
[Round "08"]
[TimeControl "180+1"]
[Date "2021.05.04"]
[WhiteClock "0:00:07"]
[BlackClock "0:00:01"]

1. b3 e5 2. Bb2 Nc6 3. h3 g6 4. e3 Bg7 5. Ne2 Nge7 6. d3 O-O 7. Nd2 d5 8. g3 Be6 9. Bg2 Qd7 10. a3 Rae8 11. Nf3 Nc8 12. Ng5 Nd6 13. Qd2 a5 14. O-O h6 15. Nxe6 Qxe6 16. c4 d4 17. exd4 exd4 18. Nf4 Qf5 19. Nd5 Ne5 20. Nxc7 Rc8 21. Nd5 Rfe8 22. Bxd4 Qxd3 23. Qxd3 Nxd3 24. Nf6+ Bxf6 25. Bxf6 Nc5 26. Rab1 a4 27. b4 Nce4 28. Ba1 Nd2 29. c5 Nb5 30. Bxb7 Rc7 31. Rbe1 Rxe1 32. Rxe1 f5 33. Bd5+ Kf8 34. Re2 1-0


[Site "https://www.chess.com"]

[Event "Titled Tuesday Blitz May 4 2021"]
[White "Ibrayev, Nurlan"]
[Black "Martin, Lewis"]
[WhiteFideId "13700650"]
[BlackFideId "410551"]
[WhiteElo "2366"]
[BlackElo "2145"]
[Result "1-0"]
[Round "08"]
[TimeControl "180+1"]
[Date "2021.05.04"]
[WhiteClock "0:01:24"]
[BlackClock "0:00:52"]

1. d4 d5 2. c4 c6 3. Nf3 Nf6 4. Nc3 dxc4 5. a4 Bf5 6. Ne5 Nbd7 7. Nxc4 e6 8. f3 Bb4 9. e4 Bxe4 10. fxe4 Nxe4 11. Qd3 f5 12. Be2 Qh4+ 13. g3 Qh3 14. Bf1 Qh5 15. Bg2 Ndf6 16. O-O Bxc3 17. bxc3 O-O 18. Rb1 b6 19. Ne5 c5 20. Qc4 Rae8 21. Bf3 Qh3 22. dxc5 Nxc5 23. a5 Ng4 24. Bxg4 fxg4 25. Rxf8+ Rxf8 26. axb6 axb6 27. Rxb6 Ne4 28. Qxe6+ Kh8 29. Nf7+ Kg8 30. Nh6+ Kh8 31. Qg8+ Rxg8 32. Nf7# 1-0


[Site "https://www.chess.com"]

[Event "Titled Tuesday Blitz May 4 2021"]
[White "Indjic, Aleksandar"]
[Black "Jumabayev, Rinat"]
[WhiteFideId "911925"]
[BlackFideId "13702661"]
[WhiteElo "2591"]
[BlackElo "2535"]
[Result "1-0"]
[Round "08"]
[TimeControl "180+1"]
[Date "2021.05.04"]
[WhiteClock "0:01:12"]
[BlackClock "0:00:16"]

1. d4 Nf6 2. c4 e6 3. Nc3 d5 4. Nf3 Nbd7 5. Bf4 dxc4 6. e3 Bb4 7. Bxc4 Nd5 8. Qb3 Nxf4 9. exf4 Qe7 10. O-O Nb6 11. Bd3 g6 12. a3 Bd6 13. g3 O-O 14. Rfe1 Bd7 15. Rad1 Rfd8 16. h4 Bc6 17. Be4 Bxe4 18. Nxe4 h5 19. Neg5 Nd5 20. Re2 c6 21. Rde1 Re8 22. Qc2 Qf6 23. Ne4 Qd8 24. Ne5 Kg7 25. Nxf7 Kxf7 26. Ng5+ Kg7 27. Rxe6 Ne7 28. d5 Qd7 29. Qc3+ Kg8 30. Qf6 Nf5 31. Qxg6+ 1-0


[Site "https://www.chess.com"]

[Event "Titled Tuesday Blitz May 4 2021"]
[White "Iniyan, P"]
[Black "Yang, Kaiqi"]
[WhiteFideId "25002767"]
[BlackFideId "8604398"]
[WhiteElo "2400"]
[BlackElo "2373"]
[Result "1-0"]
[Round "08"]
[TimeControl "180+1"]
[Date "2021.05.04"]
[WhiteClock "0:00:03"]
[BlackClock "0:00:03"]

1. d4 d5 2. c4 c6 3. Nc3 Nf6 4. Nf3 e6 5. Bg5 dxc4 6. e4 b5 7. e5 h6 8. Bh4 g5 9. Nxg5 hxg5 10. Bxg5 Be7 11. exf6 Bxf6 12. Bxf6 Qxf6 13. Ne4 Qf4 14. Qe2 Na6 15. g3 Qc7 16. Bg2 Bb7 17. O-O O-O-O 18. a4 Kb8 19. Nc5 Nxc5 20. dxc5 a6 21. axb5 cxb5 22. Bxb7 Kxb7 23. b3 cxb3 24. Rxa6 Kxa6 25. Ra1+ Qa5 26. Qb2 Qxa1+ 27. Qxa1+ Kb7 28. Qa5 Rb8 29. Qb6+ Kc8 30. Qc6+ Kd8 31. Qd6+ Kc8 32. Qc6+ Kd8 33. Qd6+ Kc8 34. c6 Rd8 35. Qb4 Kc7 36. Qxb3 Kxc6 37. Qb4 Rd5 38. h4 Rc5 39. Qe4+ Kd6 40. Qf4+ Re5 41. Qb4+ Rc5 42. Kg2 Kc6 43. Qe4+ Rd5 44. Qf4 Rb7 45. Qb4 Rc5 46. Qe4+ Kd6 47. Qxb7 Rd5 48. Qxf7 b4 49. Qb7 Kc5 50. g4 Kc4 51. g5 b3 52. Qa6+ Rb5 53. Qxe6+ Kb4 54. Qe4+ Ka3 55. Qb1 b2 56. Kg3 Rc5 57. Qd3+ Ka2 58. Qa6+ Kb3 59. Qb6+ Ka4 60. Qxb2 Rb5 61. Qxb5+ Kxb5 62. g6 1-0


[Site "https://www.chess.com"]

[Event "Titled Tuesday Blitz May 4 2021"]
[White "Ivanisevic, Ivan"]
[Black "Song, Michael"]
[WhiteFideId "912417"]
[BlackFideId "2613190"]
[WhiteElo "2525"]
[BlackElo "2274"]
[Result "1-0"]
[Round "08"]
[TimeControl "180+1"]
[Date "2021.05.04"]
[WhiteClock "0:01:36"]
[BlackClock "0:00:02"]

1. d4 f5 2. c4 Nf6 3. Nc3 g6 4. h4 Bg7 5. h5 Nxh5 6. e4 Nf6 7. exf5 gxf5 8. Bd3 e6 9. Bg5 h6 10. Bh4 Nc6 11. Nf3 d6 12. Qe2 Ne7 13. O-O-O O-O 14. g4 fxg4 15. Ne5 Nf5 16. Bxf5 exf5 17. Ng6 Re8 18. Qd2 Kf7 19. Nf4 Qd7 20. Bxf6 Bxf6 21. Rxh6 Bg7 22. Nh5 Bxh6 23. Qxh6 Rg8 24. Qf6+ 1-0


[Site "https://www.chess.com"]

[Event "Titled Tuesday Blitz May 4 2021"]
[White "Jacobson, Brandon"]
[Black "Shimelkov, Vasiliy"]
[WhiteFideId "30901561"]
[BlackFideId "13701630"]
[WhiteElo "2362"]
[BlackElo "2073"]
[Result "1/2-1/2"]
[Round "08"]
[TimeControl "180+1"]
[Date "2021.05.04"]
[WhiteClock "0:00:03"]
[BlackClock "0:00:21"]

1. d4 d5 2. c4 e6 3. Nf3 Nf6 4. g3 dxc4 5. Bg2 Nc6 6. Qa4 Bb4+ 7. Bd2 Nd5 8. Bxb4 Nxb4 9. O-O O-O 10. a3 Nd5 11. Qxc4 Nb6 12. Qc3 Bd7 13. Nbd2 Ne7 14. Ne5 Nbd5 15. Qb3 Rb8 16. Rfc1 c6 17. Ne4 Be8 18. Nc5 b6 19. Ncd3 f6 20. Nc4 Bf7 21. Rd1 b5 22. Nd2 e5 23. Qc2 exd4 24. Nb3 Nb6 25. Ndc5 d3 26. Rxd3 Qc8 27. Nd4 Bc4 28. Rdd1 Rd8 29. Rac1 a5 30. b3 Bf7 31. Be4 h6 32. h4 Nbd5 33. Nd3 b4 34. axb4 axb4 35. Nc5 Nc3 36. Nf5 Nxf5 37. Bxf5 Rxd1+ 38. Rxd1 Qe8 39. Rd2 Ra8 40. Kg2 Ra2 41. Qc1 Bd5+ 42. e4 Rxd2 43. Qxd2 Nxe4 44. Nxe4 Bxe4+ 45. Bxe4 Qxe4+ 46. f3 Qe6 47. Qxb4 Qe2+ 48. Kh3 Qxf3 49. Qc4+ Kh8 50. b4 h5 51. Kh2 Qf2+ 52. Kh3 Qf5+ 53. Kh2 Kh7 54. Qxc6 Qd3 55. b5 Qe2+ 56. Kg1 Qe1+ 57. Kg2 Qe2+ 58. Kh3 Qf1+ 59. Kh2 Qe2+ 60. Kh1 Qf1+ 61. Kh2 Qe2+ 1/2-1/2


[Site "https://www.chess.com"]

[Event "Titled Tuesday Blitz May 4 2021"]
[White "Jaskolka, Tomasz"]
[Black "Wilson, Elvin"]
[WhiteFideId "1170791"]
[BlackFideId "2014874"]
[WhiteElo "2050"]
[BlackElo "2227"]
[Result "1-0"]
[Round "08"]
[TimeControl "180+1"]
[Date "2021.05.04"]
[WhiteClock "0:00:45"]
[BlackClock "0:00:12"]

1. e4 e6 2. Nf3 d5 3. e5 c5 4. b4 d4 5. Bb2 Qb6 6. b5 a6 7. a4 axb5 8. Bxb5+ Bd7 9. Na3 Nh6 10. O-O Be7 11. Nc4 Qc7 12. d3 O-O 13. Qd2 Nc6 14. Rfe1 Nf5 15. Ba3 Rfd8 16. Qf4 b6 17. g4 Nh6 18. Nd6 Rf8 19. Ne4 f6 20. Qg3 Nf7 21. exf6 Qxg3+ 22. hxg3 gxf6 23. Kg2 Rfe8 24. Ned2 e5 25. Nc4 Kg7 26. Nxb6 Ra7 27. Nxd7 Rxd7 28. Bxc6 1-0


[Site "https://www.chess.com"]

[Event "Titled Tuesday Blitz May 4 2021"]
[White "Jian, Alex"]
[Black "Golubev, Mikhail"]
[WhiteFideId "30901022"]
[BlackFideId "14100983"]
[WhiteElo "2084"]
[BlackElo "2374"]
[Result "1/2-1/2"]
[Round "08"]
[TimeControl "180+1"]
[Date "2021.05.04"]
[WhiteClock "0:00:05"]
[BlackClock "0:00:04"]

1. d4 g6 2. c4 Bg7 3. Nf3 d6 4. Nc3 Nf6 5. e4 O-O 6. Be2 e5 7. d5 a5 8. Bg5 h6 9. Bh4 Na6 10. Nd2 Bd7 11. O-O Qe8 12. b3 Nh7 13. a3 h5 14. f3 Bh6 15. Kh1 Be3 16. Rb1 Bc5 17. Qc1 f5 18. exf5 gxf5 19. Bd3 Be3 20. Qc2 Nc5 21. Rbe1 Nxd3 22. Qxd3 f4 23. Nde4 Bf5 24. Ra1 Qg6 25. b4 Bd4 26. Rac1 axb4 27. axb4 Ra3 28. Rfe1 Rfa8 29. Qd1 Kf7 30. Nb5 Ra2 31. Re2 Be3 32. Rb1 Bxe4 33. fxe4 Qxe4 34. Nxc7 Qxb1 35. Qxb1 Ra1 36. Re1 Rxb1 37. Rxb1 Rg8 38. Nb5 Rg6 39. Rf1 Ke8 40. g3 Kd7 41. gxf4 exf4 42. Bf2 Nf6 43. Bxe3 fxe3 44. Re1 Ng4 45. h3 Nf2+ 46. Kh2 Nd3 47. Rxe3 Nxb4 48. Rf3 Na6 49. Nd4 Nc5 50. Rf7+ Ke8 51. Rh7 Rf6 52. Kg2 Rf4 53. Ne6 Nxe6 54. dxe6 Rxc4 55. Rxb7 Re4 56. Rh7 1/2-1/2


[Site "https://www.chess.com"]

[Event "Titled Tuesday Blitz May 4 2021"]
[White "Jobava, Baadur"]
[Black "Mohammad Fahad, Rahman"]
[WhiteFideId "13601520"]
[BlackFideId "10207791"]
[WhiteElo "2748"]
[BlackElo "2308"]
[Result "1-0"]
[Round "08"]
[TimeControl "180+1"]
[Date "2021.05.04"]
[WhiteClock "0:00:30"]
[BlackClock "0:00:01"]

1. d4 d5 2. Nc3 Nf6 3. Bf4 e6 4. Nb5 Na6 5. e3 Be7 6. Nf3 O-O 7. h3 c6 8. Nc3 Bb4 9. Bd3 c5 10. O-O c4 11. Be2 Qa5 12. Nb1 Ne4 13. c3 Bd6 14. Nbd2 Bxf4 15. exf4 Nd6 16. Re1 Qb6 17. Qc2 Bd7 18. Ne5 Rfd8 19. b3 cxb3 20. axb3 Rac8 21. Qb2 Nb8 22. Ra2 Nc6 23. Ndf3 Ne4 24. c4 Nb4 25. c5 Qc7 26. Rxa7 Be8 27. Rea1 f6 28. Nd3 Nc6 29. R7a3 Ne7 30. b4 Bb5 31. Nc1 Be8 32. Nd3 Bb5 33. Nc1 Be8 34. g3 g5 35. fxg5 fxg5 36. Ne5 Ng6 37. Ncd3 Bb5 38. Nxg6 Nxg3 39. Nge5 Ne4 40. Ra5 Bc4 41. b5 Rf8 42. b6 Qg7 43. Bg4 Rce8 44. Re1 Bxd3 45. Nxd3 Nf6 46. Bxe6+ Kh8 47. Raa1 Ne4 48. Bxd5 Nf6 49. Rxe8 Rxe8 50. Bg2 g4 51. hxg4 Nxg4 52. d5 Nf6 53. Re1 Rg8 54. Nf4 h5 55. Re6 Nxd5 56. Qxg7+ 1-0


[Site "https://www.chess.com"]

[Event "Titled Tuesday Blitz May 4 2021"]
[White "Juhasz, Agoston"]
[Black "Baches Garcia, Guillermo"]
[WhiteFideId "778346"]
[BlackFideId "2209764"]
[WhiteElo "2211"]
[BlackElo "2430"]
[Result "1-0"]
[Round "08"]
[TimeControl "180+1"]
[Date "2021.05.04"]
[WhiteClock "0:00:04"]
[BlackClock "0:00:09"]

1. e4 c5 2. Nf3 d6 3. Bc4 Nf6 4. d3 e6 5. O-O Be7 6. Qe2 O-O 7. Rd1 a6 8. a4 Nc6 9. c3 Rb8 10. Na3 Ne5 11. Nxe5 dxe5 12. f4 Bd6 13. d4 cxd4 14. cxd4 exd4 15. e5 Bc5 16. Kh1 Nd5 17. Nc2 Qh4 18. g3 Qh3 19. Nxd4 b5 20. Bxd5 exd5 21. Qg2 Qh5 22. Be3 Bg4 23. Rd3 Bxd4 24. Bxd4 Be2 25. g4 Bxg4 26. Rg1 Rbc8 27. Qxg4 Qxg4 28. Rxg4 g6 29. Rg1 Rc2 30. axb5 axb5 31. f5 Rfc8 32. e6 Re2 33. exf7+ Kxf7 34. fxg6+ hxg6 35. Rf1+ Kg8 36. Rdf3 Rcc2 37. Rf8+ Kh7 38. Rh8# 1-0


[Site "https://www.chess.com"]

[Event "Titled Tuesday Blitz May 4 2021"]
[White "Kalajzic, Ivan"]
[Black "Suasnabar, Jesus"]
[WhiteFideId "14506378"]
[BlackFideId "3800776"]
[WhiteElo "2163"]
[BlackElo "2002"]
[Result "0-1"]
[Round "08"]
[TimeControl "180+1"]
[Date "2021.05.04"]
[WhiteClock "0:00:12"]
[BlackClock "0:00:45"]

1. d4 e6 2. Nc3 c5 3. d5 exd5 4. Nxd5 Nf6 5. Bg5 Be7 6. Nxe7 Qxe7 7. f3 d5 8. Qd2 O-O 9. O-O-O Nc6 10. e3 Rd8 11. Bb5 Ne5 12. f4 Neg4 13. Nf3 h6 14. Bh4 a6 15. Bd3 Nxe3 16. Bxf6 gxf6 17. Rde1 d4 18. h3 Be6 19. f5 Bxa2 20. c4 b5 21. b3 Bxb3 22. Bb1 bxc4 23. Qf2 Rab8 24. Qh4 c3 25. Qxh6 c4 26. Nxd4 Qa3# 0-1


[Site "https://www.chess.com"]

[Event "Titled Tuesday Blitz May 4 2021"]
[White "Kalogeris, Ioannis"]
[Black "Kubatko, Ivan"]
[WhiteFideId "4239563"]
[BlackFideId "24111473"]
[WhiteElo "2287"]
[BlackElo "2285"]
[Result "0-1"]
[Round "08"]
[TimeControl "180+1"]
[Date "2021.05.04"]
[WhiteClock "0:01:20"]
[BlackClock "0:00:02"]

1. e4 d5 2. exd5 Qxd5 3. Nc3 Qa5 4. Bc4 Nf6 5. d3 Bg4 6. f3 Bd7 7. Bd2 Qb6 8. Bb3 e6 9. Qe2 Nc6 10. Be3 Nd4 11. Qf2 Bc5 12. Nge2 Nxb3 13. axb3 Bxe3 14. Qg3 O-O 15. h4 Nh5 16. Qg4 Bf2+ 17. Kf1 Nf6 18. Qf4 e5 19. Qxe5 Rfe8 20. Qg5 h6 21. Qf4 Nh5 22. Qc4 Bg3 23. d4 Be6 24. Qd3 Nf4 25. Nxf4 Bxf4 26. Ne2 Qd6 27. c4 h5 28. c5 Qc6 29. Nxf4 Rad8 30. b4 b5 31. b3 Bd5 32. Kf2 f6 33. Nxh5 Bf7 34. Nf4 Re5 35. dxe5 Rxd3 36. Nxd3 Qd5 37. Rhd1 Qd4+ 38. Ke2 fxe5 39. Rxa7 Bxb3 40. Rd2 Bc4 41. Rxc7 e4 42. Rc6 exd3+ 0-1


[Site "https://www.chess.com"]

[Event "Titled Tuesday Blitz May 4 2021"]
[White "Kanyamarala, Tarun"]
[Black "Girish, A. Koushik"]
[WhiteFideId "45004714"]
[BlackFideId "5038448"]
[WhiteElo "2086"]
[BlackElo "2387"]
[Result "0-1"]
[Round "08"]
[TimeControl "180+1"]
[Date "2021.05.04"]
[WhiteClock "0:00:17"]
[BlackClock "0:00:24"]

1. d4 Nf6 2. c4 e6 3. Nc3 Bb4 4. f3 c5 5. d5 O-O 6. e4 d6 7. Bd2 Re8 8. Nge2 Nbd7 9. Ng3 Ne5 10. Be2 h5 11. O-O h4 12. Nh1 exd5 13. cxd5 c4 14. Nf2 Bd7 15. Kh1 b5 16. a4 a6 17. axb5 axb5 18. b3 Rxa1 19. Qxa1 Qb6 20. Nfd1 h3 21. g3 Bc5 22. bxc4 bxc4 23. Nb2 Bd4 24. Nxc4 Nxc4 25. Bxc4 Qc5 26. Bd3 Rc8 27. Rc1 Bxc3 28. Qxc3 Qf2 29. Qxc8+ Bxc8 30. Rxc8+ Kh7 31. e5+ g6 0-1


[Site "https://www.chess.com"]